 Dungeon Crawl Stone Soup version 0.28-a0-881-gae16bb6c82 (webtiles) character file.

Game seed: 1960258537703267723

178116 skaer2 the Warrior (level 18, -7/160 HPs)
             Began as a Formicid Fighter on Nov 18, 2021.
             Was a Follower of Qazlal.
             Mangled by a caustic shrike simulacrum (42 damage)
             ... in an ice cave on Nov 21, 2021.
             The game lasted 03:01:56 (27657 turns).

skaer2 the Warrior (Formicid Fighter)              Turns: 27657, Time: 03:01:56

Health: -7/160     AC: 33    Str: 30    XL:     18   Next: 50%
Magic:  30/30      EV:  8    Int:  9    God:    Qazlal [*.....]
Gold:   985        SH: 22    Dex: 10    Spells: 17/17 levels left

rFire   + + .      SeeInvis +   G - +5 battleaxe (vorpal)
rCold   . . .      Faith    +   g - +2 tower shield "Atriurie" {*Slow rElec Regen+ Slay+3}
rNeg    . . .      Spirit   .   m - +9 plate armour
rPois   .          Reflect  .   (helmet unavailable)
rElec   +          Harm     .   U - +0 cloak {Will+}
rCorr   +          Rampage  +   x - +0 pair of gloves
Will    +++..                   C - +2 pair of boots of Oqykeuth {Rampage rF+ rCorr}
Stlth   ..........              i - amulet "Tomoamurch" {Faith rF+ Str+2}
HPRegen 1.36/turn               R - ring of willpower
MPRegen 0.22/turn               e - ring of flight

@: flying, studying Invocations
A: permanent stasis, dig shafts and tunnels, antennae 3, four strong arms
}: 1/15 runes: barnacled
a: Dig, Renounce Religion


You were in an ice cave.
You worshipped Qazlal.
Qazlal was aware of your devotion.
You visited 6 branches of the dungeon, and saw 29 of its levels.
You also visited: Gauntlet and Ice Cave.

You collected 2860 gold pieces.
You spent 1875 gold pieces at shops.

Inventory:

Hand Weapons
 t - a +1 battleaxe of protection
 G - a +5 vorpal battleaxe (weapon)
 M - a +3 long sword of flaming
Missiles
 W - 2 throwing nets
Armour
 g - the +2 tower shield "Atriurie" (worn) {*Slow rElec Regen+ Slay+3}
   (You acquired it on level 2 of the Dungeon)

   Slay:      It affects your accuracy & damage with ranged weapons and melee
   (+3).
   rElec:     It insulates you from electricity.
   Regen:     It increases your rate of health regeneration.
   *Slow:     It may slow you when you take damage.
 m - a +9 plate armour (worn)
 s - a scarf of repulsion
 x - a +0 pair of gloves (worn)
 C - the +2 pair of boots of Oqykeuth (worn) {Rampage rF+ rCorr}
   (You bought it in a shop on level 7 of the Dungeon)

   rF:        It protects you from fire.
   rCorr:     It protects you from acid and corrosion.
   Rampage:   It bestows one free step when moving towards enemies.
 U - a +0 cloak of willpower (worn)
Jewellery
 a - the ring of Tension {rPois rCorr Str-3 Int-2 Dex+8}
   (You found it in a Gauntlet)

   [ring of resist corrosion]

   Str:       It affects your strength (-3).
   Int:       It affects your intelligence (-2).
   Dex:       It affects your dexterity (+8).
   rPois:     It protects you from poison.
   rCorr:     It protects you from acid and corrosion.
 d - a ring of the Octopus King {rN+ AC+1 EV+1 Str+1 Int+1 Dex+1}
   (You took it off a minotaur in a Gauntlet)

   [ring of positive energy]

   AC:        It affects your AC (+1).
   EV:        It affects your evasion (+1).
   Str:       It affects your strength (+1).
   Int:       It affects your intelligence (+1).
   Dex:       It affects your dexterity (+1).
   rN:        It protects you from negative energy.
 e - a ring of flight (right hand)
 i - the amulet "Tomoamurch" (around neck) {Faith rF+ Str+2}
   (You found it on level 4 of the Shoals)

   [amulet of faith]

   It allows you to gain divine favour quickly.
   Str:       It affects your strength (+2).
   rF:        It protects you from fire.
 q - a +6 ring of strength
 F - an amulet of the acrobat
 H - a +4 ring of protection
 K - a ring of ice
 L - a ring of protection from fire
 Q - an amulet of reflection
 R - a ring of willpower (left hand)
Wands
 b - a wand of polymorph (14)
 k - a wand of flame (55)
 n - a wand of acid (10)
 r - a wand of iceblast (42)
 u - a wand of paralysis (25)
 y - a wand of mindburst (34)
 I - a wand of charming (8)
Scrolls
 c - 4 scrolls of fear
 j - 5 scrolls of amnesia
 l - a scroll of identify
 p - 5 scrolls of torment
 D - 5 scrolls of fog
 J - a scroll of magic mapping
 S - a scroll of enchant weapon
Potions
 o - 13 potions of curing
 v - 2 potions of ambrosia
 w - 3 potions of brilliance
 z - a potion of invisibility
 A - 5 potions of mutation
 B - 6 potions of flight
 E - 2 potions of magic
 P - 2 potions of cancellation
 T - a potion of lignification
Miscellaneous
 f - a box of beasts
 h - a piece from Xom's chessboard (15/15)
 N - a condenser vane
 O - a phantom mirror
 V - a tin of tremorstones (2/2)


   Skills:
 * Level 19.4 Fighting
 * Level 15.3 Axes
 * Level 16.7 Armour
 - Level 3.0 Stealth
 - Level 17.0 Shields
 + Level 17.9 Invocations


You had 17 spell levels left.
You didn't know any spells.
Your spell library contained the following spells:

 Spells                   Type           Power      Damage    Failure   Level
 Animate Skeleton         Necr           0%         N/A       89%         1
 Apportation              Tloc           0%         N/A       89%         1
 Magic Dart               Conj           0%         1d3       89%         1
 Slow                     Hex            0%         N/A       89%         1
 Summon Small Mammal      Summ           0%         N/A       89%         1
 Call Imp                 Summ           0%         N/A       96%         2
 Corpse Rot               Necr/Air       0%         N/A       96%         2
 Poisonous Vapours        Pois/Air       0%         N/A       96%         2
 Searing Ray              Conj           0%         2d4       96%         2
 Confusing Touch          Hex            0%         N/A       99%         3
 Ozocubu's Armour         Ice            0%         N/A       99%         3
 Summon Guardian Golem    Hex/Summ       0%         N/A       99%         3
 Vampiric Draining        Necr           0%         2d6       99%         3
 Fulminant Prism          Conj/Hex       0%         3d6       100%        4
 Summon Ice Beast         Ice/Summ       0%         N/A       100%        4
 Fireball                 Conj/Fire      0%         3d3       100%        5
 Manifold Assault         Tloc           0%         N/A       100%        5
 Summon Mana Viper        Hex/Summ       0%         N/A       100%        5
 Starburst                Conj/Fire      0%         6d3       100%        6
 Monstrous Menagerie      Summ           0%         N/A       100%        7
 Ozocubu's Refrigeration  Ice            0%         4d5       100%        7
 Storm Form               Tmut/Air       0%         N/A       100%        7
 Ignition                 Fire           0%         3d3       100%        8
 Chain Lightning          Conj/Air       0%         N/A       100%        9
 Fire Storm               Conj/Fire      0%         5d1       100%        9
 Shatter                  Erth           0%         3d5*      100%        9
 Blink                    Tloc           Unusable   N/A       N/A         2

Dungeon Overview and Level Annotations

Branches:
Dungeon (15/15)            Temple (1/1) D:7            Lair (6/6) D:9
 Shoals (4/4) Lair:3       Spider (1/4) Lair:2        Slime (0/5) Lair:6
    Orc (2/2) D:11            Elf (0/3) Orc:2        Vaults (0/5) D:14
 Depths (0/4) D:15          IceCv (1/1)             Gauntlet (visited)

Altars:
Ashenzari
Cheibriados
Dithmenos
Elyvilon
Fedhas
Gozag
Hepliaklqana
Kikubaaqudgha
Makhleb
Nemelex Xobeh
Okawaru
Qazlal
Ru
Sif Muna
Trog
Uskayaw
Vehumet
Wu Jian
Xom
Yredelemnul
Zin
The Shining One

Shops:
D:7 [   Orc:2 =*(*

Portals:
Trove: D:13 (give +8 demon blade)

Annotations:
D:12 2 runed translucent doors


Innate Abilities, Weirdness & Mutations

You cannot be hasted, slowed, berserked, paralysed or teleported.
You can dig through walls and to a lower floor.
You have a pair of large antennae on your head. (SInv)
Your four strong arms can wield two-handed weapons with a shield.


Message History

You kill the white very ugly thing!
Qazlal accepts your kill.
You block the caustic shrike simulacrum's attack.
You slash the caustic shrike simulacrum!
The caustic shrike simulacrum is moderately damaged.
You block the caustic shrike simulacrum's attack.
You barely miss the caustic shrike simulacrum.
The caustic shrike simulacrum is moderately damaged.
The caustic shrike simulacrum closely misses you.
The caustic shrike simulacrum claws you but does no damage.
You closely miss the caustic shrike simulacrum.
The caustic shrike simulacrum is moderately damaged.
The caustic shrike simulacrum closely misses you.
The caustic shrike simulacrum claws you but does no damage.
You closely miss the caustic shrike simulacrum.
The caustic shrike simulacrum is moderately damaged.
You block the caustic shrike simulacrum's attack.
The caustic shrike simulacrum claws you.
The caustic shrike simulacrum freezes you!!
You barely miss the caustic shrike simulacrum.
The caustic shrike simulacrum is moderately damaged.
You block the caustic shrike simulacrum's attack.
You closely miss the caustic shrike simulacrum.
The caustic shrike simulacrum is moderately damaged.
The caustic shrike simulacrum claws you but does no damage.
The caustic shrike simulacrum claws you.
The caustic shrike simulacrum freezes you!!
You slash the caustic shrike simulacrum!
The caustic shrike simulacrum is heavily damaged.
The caustic shrike simulacrum barely misses you.
The caustic shrike simulacrum claws you.
The caustic shrike simulacrum freezes you!!!
* * * LOW HITPOINT WARNING * * *
You feel much better.
The caustic shrike simulacrum claws you but does no damage. x2
You feel better.
The caustic shrike simulacrum claws you!
* * * LOW HITPOINT WARNING * * *
The caustic shrike simulacrum freezes you!!!
You die...

#### ##...####
........##
.........##
..........##
$..8......{#
.)........Z###
©($....∩.ZZZ@#
.(.......ZZ###
!..8.......#
..........##
.........##
........##
##...#### ####


You could see 2 anaconda simulacra, a lindwurm simulacrum, a golden dragon
simulacrum, a harpy simulacrum and a caustic shrike simulacrum.

Vanquished Creatures
  2 krakens
  Gastronok (D:8)
  Kirke (D:12)
  Donald (Shoals:2)
  Ilsuiw (Shoals:3)
  Louise (Shoals:3)
  A frost giant (Shoals:4)
  A very ugly thing (IceCv)
  A minotaur (Gauntlet)
  8 merfolk javelineers
  8 merfolk impalers
  A fire dragon (D:15)
  Erolcha (Orc:1)
  2 ice dragons
  10 hydras
  4 boulder beetles
  A catoblepas (Lair:4)
  7 merfolk avatars
  A death knight (D:14)
  8 merfolk aquamancers
  5 centaur warriors
  2 ogre magi
  10 two-headed ogres
  9 death yaks (Lair:4)
  3 alligator snapping turtles (Shoals:2)
  6 satyrs
  A tengu warrior (D:13)
  3 orc high priests (Orc:2)
  Nergalle (Lair:1)
  6 skeletal warriors
  12 sea snakes
  A deep elf archer (D:13)
  Pikel (D:8)
  4 orc sorcerers (Orc:2)
  12 harpies
  3 wolf spiders (Spider:1)
  4 ugly things
  4 oklob plants
  2 deep elf pyromancers
  5 orc knights
  6 cyclopes
  12 manticores
  9 fauns
  A worldbinder (Gauntlet)
  Joseph (D:7)
  7 water nymphs
  6 elephants
  3 black mambas
  14 merfolk sirens
  A torpor snail (Gauntlet)
  An ice statue (Spider:1)
  Maurice (D:9)
  Maggie (D:9)
  7 cane toads
  3 rime drakes
  A demonic crawler (Spider:1)
  An unseen horror (D:11)
  9 komodo dragons
  A freezing wraith (D:14)
  4 yaktaurs (D:14)
  An anaconda simulacrum (IceCv)
  3 kobold demonologists
  27 merfolk
  6 jumping spiders
  2 trolls (D:12)
  5 polar bears
  9 wind drakes
  5 hornets
  2 slime creatures
  7 blink frogs (Lair:6)
  A dream sheep (shapeshifter) (D:14)
  13 snapping turtles
  8 dream sheep
  15 redbacks (Spider:1)
  A centaur simulacrum (D:15)
  18 water elementals
  5 tarantellas (Spider:1)
  A wyvern (Lair:2)
  4 basilisks
  44 yaks
  7 wraiths
  A hog (D:12)
  18 vampire mosquitoes
  2 steam dragons
  4 acid dragons
  16 water moccasins
  A floating eye (Lair:3)
  19 orc warriors
  2 ice beasts
  3 necrophages
  22 ogres
  3 boggarts
  A sky beast (D:6)
  7 wolves
  10 centaurs
  6 kobold brigands
  14 bullfrogs
  A water moccasin skeleton (D:4)
  14 killer bees
  10 wights
  10 howler monkeys
  7 jellies
  6 centaur zombies
  15 orc priests
  A bullfrog skeleton (D:2)
  4 hounds
  5 centaur skeletons
  4 iguanas
  22 orc wizards
  5 small abominations (Gauntlet)
  3 adders
  2 white imps (D:5)
  An adder skeleton (D:4)
  2 worms
  2 dart slugs
  43 orcs
  5 bats
  6 endoplasms
  4 giant cockroaches
  5 goblins
  3 hobgoblins
  4 quokkas
  9 ball pythons
  2 frilled lizards (D:1)
  15 kobolds
  6 rats
  A butterfly (Lair:6)
  5 tentacles
779 creatures vanquished.

Vanquished Creatures (others)
  A manticore (Shoals:1)
  27 fungi
  101 plants
  9 tentacles
138 creatures vanquished.

Grand Total: 917 creatures vanquished

Notes
Turn   | Place    | Note
-------+----------+-------------------------------------------
     0 | D:1      | skaer2 the Formicid Fighter began the quest for the Orb.
     0 | D:1      | Reached XP level 1. HP: 18/18 MP: 1/1
   154 | D:1      | Reached XP level 2. HP: 22/24 MP: 2/2
   230 | D:1      | Reached skill level 1 in Stealth
   632 | D:1      | Reached XP level 3. HP: 29/29 MP: 3/3
  1080 | D:1      | Found a faded altar of an unknown god.
  1644 | D:2      | Reached XP level 4. HP: 26/37 MP: 4/4
  1892 | D:2      | Identified a scroll of acquirement
  1892 | D:2      | Acquired the +2 tower shield "Atriurie" {*Slow rElec Regen+
                  | Slay+3}
  2079 | D:2      | Found a snail-covered altar of Cheibriados.
  2321 | D:3      | Reached skill level 4 in Fighting
  2321 | D:3      | Reached XP level 5. HP: 42/42 MP: 5/5
  3168 | D:4      | Reached XP level 6. HP: 48/48 MP: 6/6
  3495 | D:5      | Entered Level 5 of the Dungeon
  3581 | D:5      | Reached skill level 5 in Shields
  3753 | D:5      | Noticed a water moccasin
  3815 | D:5      | You fall into a shaft and drop 1 floor!
  3815 | D:6      | Noticed a sky beast
  3824 | D:6      | Killed a sky beast
  3825 | D:6      | Reached XP level 7. HP: 33/55 MP: 7/7
  4044 | D:6      | Reached skill level 5 in Fighting
  4052 | D:6      | Reached skill level 5 in Armour
  4077 | D:6      | Reached XP level 8. HP: 49/62 MP: 8/8
  4183 | D:6      | Acquired a manual of Shields
  4482 | D:5      | Found a snail-covered altar of Cheibriados.
  4677 | D:5      | Reached skill level 6 in Fighting
  4677 | D:5      | Reached skill level 5 in Axes
  4677 | D:5      | Reached XP level 9. HP: 45/69 MP: 9/9
  5025 | D:5      | Reached skill level 10 in Shields
  5366 | D:7      | Found Qixtid's Armour Boutique.
  5370 | D:7      | Noticed Joseph
  5550 | D:7      | Found a staircase to the Ecumenical Temple.
  5570 | Temple   | Entered the Ecumenical Temple
  5858 | Temple   | Became a worshipper of Uskayaw the Reveller
  5934 | D:7      | Reached * piety under Uskayaw
  5938 | D:7      | Reached ** piety under Uskayaw
  5951 | D:7      | Killed Joseph
  6075 | D:7      | Reached skill level 7 in Fighting
  6257 | D:8      | Noticed Pikel
  6272 | D:8      | Killed Pikel
  6273 | D:8      | Reached XP level 10. HP: 79/79 MP: 7/10
  6300 | D:8      | Found a stormy altar of Qazlal.
  6733 | D:8      | Noticed Gastronok
  6823 | D:8      | Found a shimmering blue altar of Sif Muna.
  7109 | D:9      | Noticed Maggie
  7215 | D:9      | Found a staircase to the Lair.
  7256 | D:7      | Bought the +2 pair of boots of Oqykeuth {Rampage rF+ rCorr}
                  | for 409 gold pieces
  7571 | D:8      | Reached *** piety under Uskayaw
  7704 | D:8      | Reached skill level 8 in Fighting
  7761 | D:9      | Found a sparkling altar of Nemelex Xobeh.
  7762 | D:9      | Found an opulent altar of Gozag.
  7763 | D:9      | Found a shimmering altar of Xom.
  7827 | D:9      | Identified the +6 trident of Gravity {protect, Will- Int+2
                  | Dex+2}
  8111 | D:9      | Noticed Maurice
  8216 | D:8      | Killed Gastronok
  8217 | D:8      | Reached skill level 15 in Shields
  8217 | D:8      | Reached XP level 11. HP: 87/87 MP: 10/13
  8376 | D:9      | Killed Maggie
  8459 | D:9      | Killed Maurice
  8668 | D:10     | Entered Level 10 of the Dungeon
  9085 | D:10     | Noticed a two-headed ogre
  9104 | D:10     | Killed a two-headed ogre
  9105 | D:10     | Reached skill level 9 in Fighting
  9320 | D:10     | Found a glowing golden altar of the Shining One.
  9520 | D:11     | Reached **** piety under Uskayaw
  9645 | D:11     | Reached skill level 5 in Invocations
  9914 | D:11     | Reached skill level 10 in Fighting
  9992 | D:11     | Reached ***** piety under Uskayaw
 10055 | D:11     | Reached XP level 12. HP: 97/97 MP: 16/16
 10068 | D:11     | You fall into a shaft and drop 2 floors!
 10137 | D:13     | Noticed a centaur warrior
 10154 | D:13     | Killed a centaur warrior
 10380 | D:12     | Reached skill level 11 in Fighting
 10412 | D:12     | Reached skill level 10 in Armour
 10544 | D:11     | Found a staircase to the Orcish Mines.
 10693 | Lair:1   | Entered Level 1 of the Lair of Beasts
 10693 | Lair:1   | Noticed a seven-headed hydra
 10767 | D:9      | Killed a seven-headed hydra
 10778 | D:9      | Reached ****** piety under Uskayaw
 11054 | Lair:1   | Noticed a five-headed hydra
 11075 | Lair:1   | Killed a five-headed hydra
 11110 | Lair:1   | Noticed Nergalle
 11119 | Lair:1   | Killed Nergalle
 11585 | Lair:2   | Reached skill level 12 in Fighting
 11806 | Lair:2   | Found a hole to the Spider Nest.
 12096 | Lair:2   | Noticed a boulder beetle
 12113 | Lair:2   | Killed a boulder beetle
 12114 | Lair:2   | Reached XP level 13. HP: 107/108 MP: 18/18
 12376 | Lair:3   | Found a staircase to the Shoals.
 12393 | Lair:3   | You are sucked into a shaft and drop 1 floor!
 12443 | Lair:4   | Noticed a boulder beetle
 12468 | Lair:4   | Killed a boulder beetle
 12565 | Lair:4   | Reached skill level 10 in Axes
 12576 | Lair:4   | Reached skill level 13 in Fighting
 12700 | Lair:4   | Noticed a catoblepas
 12714 | Lair:4   | Killed a catoblepas
 13288 | Lair:5   | Acquired a manual of Invocations
 13421 | Lair:5   | Reached skill level 14 in Fighting
 13615 | Lair:5   | Reached XP level 14. HP: 107/120 MP: 16/21
 13616 | Lair:5   | Reached skill level 10 in Invocations
 13852 | Lair:5   | Identified the +1 trident "Leicsofo" {drain, Fly Str+3}
 13870 | Lair:6   | Entered Level 6 of the Lair of Beasts
 13890 | Lair:6   | Found a gate leading to a gauntlet.
 13994 | Lair:6   | Found an ornate altar of the Wu Jian Council.
 14125 | Lair:6   | Reached skill level 15 in Fighting
 14208 | Lair:6   | Upgraded the game from 0.28-a0-863-g8cecda6153 to
                  | 0.28-a0-881-gae16bb6c82
 14283 | Gauntlet | Entered a Gauntlet
 14283 | Gauntlet | Found a transporter.
 14283 | Gauntlet | Found a transporter.
 14294 | Gauntlet | Found a transporter.
 14304 | Gauntlet | Found a transporter.
 14336 | Gauntlet | Found a transporter.
 14352 | Gauntlet | Found a transporter.
 14366 | Gauntlet | Found a transporter.
 14381 | Gauntlet | Found a transporter.
 14388 | Gauntlet | Found a large runed translucent door.
 14389 | Gauntlet | Found a large runed translucent door.
 14390 | Gauntlet | Found a large runed translucent door.
 14390 | Gauntlet | Found a large runed translucent door.
 14391 | Gauntlet | Found a runed translucent gate.
 14392 | Gauntlet | Found a transporter.
 14392 | Gauntlet | Found a runed translucent gate.
 14393 | Gauntlet | Found a runed translucent gate.
 14394 | Gauntlet | Found a large runed translucent door.
 14394 | Gauntlet | Found a large runed translucent door.
 14395 | Gauntlet | Found a large runed translucent door.
 14396 | Gauntlet | Found a large runed translucent door.
 14405 | Gauntlet | Found a large runed translucent door.
 14405 | Gauntlet | Found a large runed translucent door.
 14405 | Gauntlet | Found a runed translucent door.
 14405 | Gauntlet | Found a runed translucent door.
 14406 | Gauntlet | Found a large runed translucent door.
 14407 | Gauntlet | Found a large runed translucent door.
 14409 | Gauntlet | Found a transporter.
 14413 | Gauntlet | Found a transporter.
 14416 | Gauntlet | Found a large runed translucent door.
 14416 | Gauntlet | Found a large runed translucent door.
 14417 | Gauntlet | Found a large runed translucent door.
 14418 | Gauntlet | Found a large runed translucent door.
 14465 | Gauntlet | Found a transporter.
 15083 | Gauntlet | Identified the ring of Tension {rPois rCorr Str-3 Int-2
                  | Dex+8}
 15143 | Gauntlet | Identified the +0 chain mail of Hide-and-Seek {rCorr Str+5}
 15171 | Gauntlet | Found the ring of the Octopus King {rN+ AC+1 EV+1 Str+1
                  | Int+1 Dex+1}
 15171 | Gauntlet | Noticed a minotaur
 15177 | Gauntlet | Killed a minotaur
 15204 | Gauntlet | Identified the +1 robe of the Moon Troll {rF+ Will++ Dex+2}
 15439 | D:7      | Bought a +0 pair of gloves for 54 gold pieces
 15723 | Lair:3   | Identified the +6 quarterstaff "Rafod" {flame, *Corrode
                  | rElec rN+ Str+5}
 16341 | Lair:6   | Found the +13 scythe of Curses {drain, Drain}
 16372 | Lair:6   | Identified the +6 trident of the Nine Friars {protect,
                  | Str+4}
 16456 | Lair:6   | Reached XP level 15. HP: 129/129 MP: 24/24
 16496 | Lair:6   | Found a staircase to the Slime Pits.
 17137 | Orc:1    | Entered Level 1 of the Orcish Mines
 17307 | Orc:1    | Noticed Erolcha
 17311 | Orc:1    | Reached skill level 16 in Fighting
 17315 | Orc:1    | Killed Erolcha
 17515 | Orc:2    | Entered Level 2 of the Orcish Mines
 17515 | Orc:2    | Found a staircase to the Elven Halls.
 18116 | Orc:2    | Found Haowoug's Assorted Antiques.
 18116 | Orc:2    | Found Yvoetereu's Jewellery Boutique.
 18117 | Orc:2    | Found Dibepn's Assorted Antiques.
 18129 | Orc:2    | Found Ciedeij's Weapon Shoppe.
 18145 | Orc:2    | Bought a translucent cloak for 237 gold pieces
 18145 | Orc:2    | Identified the +0 cloak of Nioskediun {+Blink} (You bought
                  | it in a shop on level 2 of the Orcish Mines)
 18145 | Orc:2    | Bought a scroll of enchant armour for 187 gold pieces
 18145 | Orc:2    | Bought a scroll labelled MOR ISIHUK for 25 gold pieces
 18267 | Orc:2    | Bought an amulet of reflection for 390 gold pieces
 18267 | Orc:2    | Bought a ring of willpower for 325 gold pieces
 18648 | D:12     | Noticed Kirke
 18662 | D:12     | Noticed a sphinx
 18663 | D:12     | Killed Kirke
 18887 | D:12     | Found a runed translucent door.
 18902 | D:12     | Noticed a tengu reaver
 18902 | D:12     | Noticed a fire giant
 18903 | D:12     | Found a runed translucent door.
 19015 | D:13     | You fall into a shaft and drop 2 floors!
 19015 | D:15     | Entered Level 15 of the Dungeon
 19077 | D:15     | Reached XP level 16. HP: 140/140 MP: 26/26
 19097 | D:15     | Identified the +3 robe of Terror {-Cast Str+3 Dex+3}
 19309 | D:15     | Reached skill level 17 in Fighting
 19533 | D:15     | Found a staircase to the Depths.
 20041 | D:14     | Reached skill level 15 in Invocations
 20110 | D:14     | Found a gate to the Vaults.
 20444 | D:14     | You fall into a shaft and drop 1 floor!
 21196 | D:13     | Found the +2 hat of the Bear Spirit {Spirit, *Rage Will++}
 21386 | D:13     | Got the Compendium of Calling
 21432 | D:13     | Found a portal to a secret trove of treasure.
 21661 | Orc:2    | Bought a potion of heal wounds for 155 gold pieces
 21661 | Orc:2    | Bought a potion of curing for 93 gold pieces
 21891 | Shoals:1 | Entered Level 1 of the Shoals
 22047 | Shoals:1 | Noticed a kraken
 22159 | Shoals:1 | Acquired a +0 cloak of willpower
 22597 | Shoals:2 | Reached XP level 17. HP: 149/149 MP: 28/28
 22775 | Shoals:2 | Reached skill level 18 in Fighting
 22925 | Shoals:2 | Reached skill level 15 in Armour
 23883 | Shoals:3 | Noticed Louise
 23914 | Shoals:3 | Killed Louise
 24086 | Shoals:3 | Noticed Donald
 24116 | Shoals:2 | You are sucked into a shaft and drop 1 floor!
 24245 | Shoals:2 | Killed Donald
 24517 | Shoals:3 | Noticed Ilsuiw
 24549 | Shoals:3 | Killed Ilsuiw
 24938 | Shoals:3 | Identified the +2 dagger of Eternal Vigilance {vorpal,
                  | Will+}
 24997 | Shoals:1 | Killed a kraken
 25071 | Shoals:4 | Entered Level 4 of the Shoals
 25424 | Shoals:4 | Reached XP level 18. HP: 141/159 MP: 30/30
 25465 | Shoals:4 | Reached skill level 19 in Fighting
 25648 | Shoals:4 | Got a barnacled rune of Zot
 25709 | Shoals:4 | Reached skill level 15 in Axes
 26033 | D:8      | Fell from the grace of Uskayaw
 26033 | D:8      | Became a worshipper of Qazlal Stormbringer
 26279 | Shoals:4 | Noticed a kraken
 26334 | Shoals:4 | Killed a kraken
 26611 | Shoals:4 | Identified the amulet "Tomoamurch" {Faith rF+ Str+2}
 27004 | Shoals:4 | Identified the +2 ring mail "Nausiaga" {Contam Regen+
                  | Int+2}
 27287 | Spider:1 | Entered Level 1 of the Spider Nest
 27344 | Spider:1 | Reached * piety under Qazlal
 27613 | Spider:1 | Found a frozen archway.
 27636 | IceCv    | Entered an ice cave
 27657 | IceCv    | Mangled by a caustic shrike simulacrum

Illustrated notes

Levels and vault maps discovered:
D:1:      nicolae_arrival_washed_ashore, layout_loops_ring,
          ebering_ecumenical_altar_ruins
D:2:      layout_rooms, basic_altar
D:3:      layout_loops_ring, kennysheep_cross_room, grunt_decor_mini_mirrors
D:4:      layout_basic
D:5:      minmay_opposing_rooms, layout_basic, old_standard_altar,
          chequers_serial_rivers_small_3
D:6:      layout_rooms
D:7:      layout_basic, minmay_temple_entry_glass, serial_glass,
          glass_columns_a, glass_columns_c, glass_columns_b, glass_columns_b,
          glass_columns_a, glass_columns_a, serial_shops, shop_fountains,
          uniq_joseph
D:8:      layout_basic, tgw_sif, nicolae_qazlal_scattered_showers,
          grunt_ministairs_3, uniq_pikel, uniq_gastronok
D:9:      layout_cave_pools, chequers_temple_overflow_statue_of_worship,
          lair_entry_dummy, uniq_maggie, uniq_maurice
D:10:     layout_gridville, tso_oasis_becter
D:11:     layout_rooms, david_orc_4
D:12:     minmay_expanding_circles, layout_basic, uniq_kirke
D:13:     layout_basic, enter_trove_2, minmay_the_grid_square_5x5_3x3_mashed
          [minmay_the_grid_square_5x5_six, minmay_the_grid_square_5x5_c,
          minmay_the_grid_square_5x5_two_walls_b,
          minmay_the_grid_square_5x5_empty,
          minmay_the_grid_square_5x5_megaprize_hollow,
          minmay_the_grid_square_5x5_doubleslash,
          minmay_the_grid_square_5x5_minivault,
          minmay_the_grid_square_5x5_bridge, minmay_the_grid_square_5x5_minimal]
D:14:     layout_gridville, hangedman_vaults_entry_quadrant_bands, hex_medium
D:15:     grunt_enter_depths_hoard, layout_stronghold,
          chequers_serial_rivers_room_a
Temple:   regret_index_temple_waves
Lair:1:   layout_misc_corridors, uniq_nergalle
Lair:2:   layout_concentric_octagons, spider_nest_entry_rubble,
          infiniplex_staircase_pool, grunt_megastairs_3
Lair:3:   layout_cave_pods, shoals_dummy_entry, disabler_island
Lair:4:   layout_concentric_octagons, chequers_serial_rivers_small_a
Lair:5:   layout_misc_corridors, lemuel_fruit_fields, grunt_megastairs_5
Lair:6:   gammafunk_lair_ancient_temple, layout_gridlike,
          nicolae_slime_entry_slimehenge, basic_altar, gauntlet_entry_generic,
          minmay_lair_oklob_items, st_stairs_13, lemuel_fruit_fields
Shoals:1: layout_shoals
Shoals:2: layout_shoals
Shoals:3: layout_shoals, st_sunken_temple, uniq_donald, uniq_ilsuiw, uniq_louise
Shoals:4: shoals_end_grunt_ice, layout_shoals, nicolae_shoals_loop_pool
Spider:1: layout_spider_delve, portal_ice_cave_entry_ice_statue_two,
          guppyfry_spider_mini_3
Orc:1:    lemuel_ogre_cave, layout_caves, basic_altar
Orc:2:    st_orc_elflike, layout_diamond_mine, hellmonk_bongcloud_opening
IceCv:    ice_cave_statue_garden_transporter

Skill      XL: |  1  2  3  4  5  6  7  8  9 10 11 12 13 14 15 16 17 18 |
---------------+-------------------------------------------------------+-----
Stealth        | 1 2 3 |  3.0
Shields        | 4 5 6 9 12 15 16 17 | 17.0
Fighting       | 4 5 6 7 8 10 12 14 15 16 17 18 19 | 19.4
Armour         | 4 5 6 7 8 9 10 11 12 13 14 16 | 16.7
Axes           | 3 4 5 6 7 8 9 10 11 12 13 14 15 | 15.3
Invocations    | 3 5 7 9 12 14 15 17 | 17.9

Action                   |  1- 3 |  4- 6 |  7- 9 | 10-12 | 13-15 | 16-18 || total
-------------------------+-------+-------+-------+-------+-------+-------++-------
Melee: War axe           |    98 |   163 |    48 |       |       |       ||   309
       Battleaxe         |       |       |   152 |   459 |   586 |   957 ||  2154
       Trident           |       |       |       |    42 |    61 |       ||   103
       Long sword        |       |       |       |       |       |    22 ||    22
Invok: Stomp             |       |       |     3 |     1 |     4 |     3 ||    11
       Line Pass         |       |       |     1 |     9 |    11 |     7 ||    28
       Grand Finale      |       |       |       |       |     3 |     1 ||     4
 Abil: Dig               |       |     5 |     6 |    49 |    24 |    17 ||   101
       Shaft Self        |       |     1 |       |       |       |     2 ||     3
Evoke: Wand              |       |     1 |       |     2 |       |       ||     3
  Use: Scroll            |       |     8 |     3 |     8 |    13 |    12 ||    44
       Potion            |       |       |       |     2 |     1 |     7 ||    10
 Stab: Paralysed         |       |     4 |       |    30 |    67 |    91 ||   192
       Confused          |       |       |       |     2 |     3 |     2 ||     7
       Distracted        |       |       |       |       |       |     1 ||     1
Armor: Scale mail        |    47 |     2 |       |       |       |       ||    49
       Plate armour      |       |    74 |   111 |   244 |   248 |   435 ||  1112
Dodge: Dodged            |    50 |    26 |    47 |   153 |   119 |   192 ||   587
       Repelled          |       |       |     1 |     3 |    11 |     4 ||    19
Block: Buckler           |    27 |     1 |       |       |       |       ||    28
       Tower shield      |       |   132 |   212 |   620 |   604 |  1128 ||  2696
       Reflection        |       |       |       |       |    14 |    74 ||    88

Table legend: (Time is in decaauts)
 A = Elapsed time spent in this place.
 B = Non-inter-level travel time spent in this place.
 C = Inter-level travel time spent in this place.
 D = Time resting spent in this place.
 E = Time spent auto-exploring this place.
 F = Levels seen in this place.
 G = Mean time per level.
                   A        B        C        D        E       F      G
               +--------+--------+--------+--------+--------+-----+--------+
         Total |  28257 |  25737 |   2520 |   1940 |  10878 |  31 |  911.5 |
       Dungeon |  14555 |  13407 |   1148 |   1117 |   5540 |  15 |  970.3 |
        Temple |    302 |    290 |     12 |      0 |     77 |   1 |  302.0 |
          Lair |   5557 |   4855 |    702 |    151 |   2906 |   6 |  926.2 |
        Shoals |   5083 |   4666 |    417 |    672 |   1566 |   4 | 1270.8 |
   Spider Nest |    343 |    343 |      0 |      0 |    160 |   1 |  343.0 |
  Orcish Mines |   1409 |   1169 |    240 |      0 |    577 |   2 |  704.5 |
      Ice Cave |     20 |     20 |      0 |      0 |      0 |   1 |   20.0 |
      Gauntlet |    984 |    984 |      0 |      0 |     52 |   1 |  984.0 |
               +--------+--------+--------+--------+--------+-----+--------+

Top non-repeatable levels by time:
     D:8: 1779 daAuts
     D:1: 1652 daAuts
Shoals:3: 1590 daAuts
Shoals:4: 1491 daAuts
Shoals:2: 1446 daAuts
     D:5: 1239 daAuts
  Lair:6: 1168 daAuts
     D:9: 1073 daAuts
    D:14: 1038 daAuts
  Lair:2: 996 daAuts
Gauntlet: 984 daAuts
  Lair:3: 977 daAuts
  Lair:4: 957 daAuts
   Orc:2: 953 daAuts
    D:15: 937 daAuts
